 Dungeon Crawl Stone Soup version 0.27-a0-1228-gfd60fd639a (webtiles) character file.

Game seed: 10132794677852890388

5796 Snikeer the Frost Mage (level 10, 0/75 HPs)
             Began as a Gnoll Ice Elementalist on June 1, 2021.
             Was a Follower of Ashenzari.
             Succumbed to a gnoll sergeant's poison
             ... on level 9 of the Dungeon on June 7, 2021.
             The game lasted 00:23:52 (11351 turns).

Snikeer the Frost Mage (Gnoll Ice Elementalist)    Turns: 11351, Time: 00:23:52

Health: 0/75       AC:  8    Str:  7    XL:     10   Next: 79%
Magic:  15/21      EV: 14    Int: 19    God:    Ashenzari [*.....]
Gold:   402        SH:  0    Dex: 12    Spells: 15/24 levels left

rFire    . . .     SeeInvis .   b - +0 hunting sling
rCold    + . .     Faith    .   (no shield)
rNeg     . . .     Spirit   .   w - +3 leather armour {rF+}
rPois    .         Reflect  .   u - +0 helmet
rElec    .         Harm     .   o - scarf of Ashenzari's Seeker {+Inv, Evo, Fort} (curse)
rCorr    .         Rampage  .   (no gloves)
Will     .....                  (no boots)
Stlth    +++.......             (no amulet)
HPRegen  0.22/turn              c - ring of ice {rC+, rF-}
MPRegen  0.17/turn              Q - ring "Celestial Lifelessness" {Slay+4, Melee, Comp} (curse)

@: lethally poisoned (0 -> -3)
A: fangs 1, strong nose, distributed training
a: Renounce Religion, Evoke Invisibility, Shatter the Chains


You were on level 9 of the Dungeon.
You worshipped Ashenzari.
Ashenzari was aware of your devotion.
You visited 2 branches of the dungeon, and saw 10 of its levels.

You collected 402 gold pieces.

Inventory:

Hand Weapons
 a - a +4 war axe
   (You took it off an orc on level 5 of the Dungeon)
 b - a +0 hunting sling (weapon)
   (You found it on level 1 of the Dungeon)
 t - a +1 dagger of speed
   (You took it off a goblin on level 4 of the Dungeon)
 y - a +2 dagger of pain
   (You took it off Ijyb on level 4 of the Dungeon)
Missiles
 e - 27 boomerangs
 f - 3 curare-tipped darts
 g - 61 bolts
 l - 122 sling bullets
 r - 4 boomerangs of dispersal {=f}
 s - 155 stones (quivered ammo)
 v - 2 throwing nets {!d}
 D - 142 arrows
Armour
 o - the cursed scarf of Ashenzari's Seeker (worn) {+Inv, Evo, Fort}
   (You found it on level 9 of the Dungeon)

   It has a curse which improves the following skills: Evocations: Evocations.
   Fortitude: Armour and Shields.
 u - a +0 helmet (worn)
   (You took it off Robin on level 4 of the Dungeon)
 w - a +3 leather armour of fire resistance (worn)
   (You took it off Ijyb on level 4 of the Dungeon)
Magical Staves
 F - a staff of earth
   (You found it on level 6 of the Dungeon)
Jewellery
 c - a ring of ice (left hand) {rC+, rF-}
   (You found it on level 3 of the Dungeon)
 Q - the cursed ring "Celestial Lifelessness" (right hand) {Slay+4, Melee, Comp}
   (You took it off an orc on level 7 of the Dungeon)

   [ring of slaying]

   It affects your accuracy and damage with ranged weapons and melee attacks
   (+4).
   It has a curse which improves the following skills: Melee Combat: Short
   Blades, Long Blades, Axes, Maces & Flails, Polearms, Staves and Unarmed
   Combat.
   Companions: Summonings and Necromancy.
Wands
 d - a wand of digging (5)
   (You took it off Robin on level 4 of the Dungeon)
 i - a wand of iceblast (16)
   (You found it on level 4 of the Dungeon)
 j - a wand of polymorph (6)
   (You found it on level 5 of the Dungeon)
Scrolls
 m - 2 scrolls of enchant armour
 n - a scroll of brand weapon
 q - 4 scrolls of amnesia
 A - a scroll of torment {!r}
 B - a scroll of fog
 C - a scroll of acquirement
 E - a scroll of fear
 G - 2 scrolls of enchant weapon
 O - a scroll of silence
 X - 2 scrolls of magic mapping {@r4!r}
 Y - 3 scrolls of teleportation {@r3}
Potions
 h - 2 potions of might
 k - 3 potions of attraction {!q}
 H - a potion of haste
 J - 3 potions of curing {@q1}
 M - a potion of magic
 P - 2 potions of lignification {!q}
 R - a potion of resistance


   Skills:
 + Level 5.6 Fighting
 + Level 5.6(6.6) Short Blades
 + Level 5.6(6.6) Long Blades
 + Level 5.6(6.6) Axes
 + Level 5.6(6.6) Maces & Flails
 + Level 5.6(6.6) Polearms
 + Level 5.6(6.6) Staves
 + Level 5.6 Slings
 + Level 5.6 Bows
 + Level 5.6 Crossbows
 + Level 5.6 Throwing
 + Level 5.6(6.6) Armour
 + Level 7.3 Dodging
 + Level 7.1 Stealth
 + Level 5.6(6.6) Shields
 + Level 5.6(6.6) Unarmed Combat
 + Level 7.6 Spellcasting
 + Level 4.6 Conjurations
 + Level 4.6 Hexes
 + Level 4.6(5.6) Summonings
 + Level 4.6(5.6) Necromancy
 + Level 4.6 Translocations
 + Level 4.6 Transmutations
 + Level 4.6 Fire Magic
 + Level 8.6 Ice Magic
 + Level 4.6 Air Magic
 + Level 4.6 Earth Magic
 + Level 4.6 Poison Magic
 + Level 6.1 Invocations
 + Level 5.6(6.6) Evocations


You had 15 spell levels left.
You knew the following spells:

 Your Spells              Type           Power      Damage    Failure   Level
a - Freeze                Ice            100%       1d11      1%          1
b - Frozen Ramparts       Ice            100%       1d12      1%          3
w - Passwall              Tmut/Erth      20%        N/A       3%          2
A - Ozocubu's Armour      Ice            56%        N/A       1%          3

Your spell library contained the following spells:

 Spells                   Type           Power      Damage    Failure   Level
 Sandblast                Erth           48%        2d12      1%          1
 Stone Arrow              Conj/Erth      48%        3d10      6%          3
 Summon Ice Beast         Ice/Summ       51%        N/A       7%          4
 Hailstorm                Conj/Ice       48%        3d11      9%          4
 Ice Form                 Ice/Tmut       48%        N/A       9%          4
 Petrify                  Tmut/Erth      24%        N/A       21%         4
 Metabolic Englaciation   Hex/Ice        24%        N/A       24%         5
 Lee's Rapid Deconstruct  Erth           12%        3d9*      50%         5
 Simulacrum               Ice/Necr       25%        N/A       73%         6
 Freezing Cloud           Conj/Ice/Air   22%        6-21      87%         6
 Ozocubu's Refrigeration  Ice            28%        4d10      97%         7


Dungeon Overview and Level Annotations

Branches:
Dungeon (9/15)             Temple (1/1) D:7
   Lair: D:8-11         Orc: D:9-12

Altars:
Ashenzari
Cheibriados
Dithmenos
Elyvilon
Fedhas
Gozag
Hepliaklqana
Kikubaaqudgha
Makhleb
Nemelex Xobeh
Okawaru
Qazlal
Ru
Sif Muna
Trog
Uskayaw
Vehumet
Wu Jian
Xom
Yredelemnul
Zin
The Shining One

Shops:
D:3 =:**


Innate Abilities, Weirdness & Mutations

You have very sharp teeth.
Your uncanny sense of smell can sniff out nearby items.
Your experience applies equally to all skills.


Message History

The wall freezes the killer bee.
The killer bee barely misses you.
The gnoll sergeant hits you from afar with a +2 trident of venom.
You are more poisoned.
The wall freezes the killer bee.
The killer bee barely misses you.
You take 6 damage, and have 51/75 hp.
You now have 15/21 mp.
You miss the killer bee.
You feel very sick.
The wall freezes the killer bee.
The killer bee stings you but does no damage.
The gnoll sergeant hits you from afar with a +2 trident of venom.
You are more poisoned.
The wall freezes the killer bee.
The killer bee stings you but does no damage.
You take 4 damage, and have 47/75 hp.
You miss the killer bee.
You feel very sick.
The wall freezes the killer bee.
The killer bee closely misses you.
The gnoll sergeant completely misses you.
The wall freezes the killer bee.
You take 5 damage, and have 42/75 hp.
b - a +0 hunting sling (weapon)
You feel sick.
The gnoll sergeant hits you from afar with a +2 trident of venom!
You are lethally poisoned!
You take 10 damage, and have 32/75 hp.
You feel better.
The gnoll sergeant hits you from afar with a +2 trident of venom.
You are poisoned.
You regained 2 hp, and now have 34/75 hp.
Your icy armour and frozen ramparts will break if you move.
Continue?
Your icy armour cracks and falls away as you move.
The frozen ramparts melt away as you move.
You feel very sick.
You take 3 damage, and have 31/75 hp.
You feel very sick.
You take 3 damage, and have 28/75 hp.
You feel sick.
You take 1 damage, and have 27/75 hp.
You feel sick.
You take 2 damage, and have 25/75 hp.
Aiming: Polymorph
Press: ? - help, Shift-Dir - straight line, f - gnoll sergeant
Aim: a gnoll sergeant, wielding a +2 trident of venom and wearing a +0 ring mail (will become a steam dragon, a bullfrog, or a blink frog, chance to affect: 66%)
The gnoll sergeant struggles to resist.
You feel sick. The gnoll sergeant misses you.
Aiming: Polymorph
Press: ? - help, Shift-Dir - straight line, f/p - gnoll sergeant
Aim: a gnoll sergeant, wielding a +2 trident of venom and wearing a +0 ring mail (will become a steam dragon, a bullfrog, or a blink frog, chance to affect: 66%)
The gnoll sergeant struggles to resist.
You feel sick. The gnoll sergeant closely misses you.
You take 1 damage, and have 24/75 hp.
Aiming: Polymorph
Press: ? - help, Shift-Dir - straight line, f/p - gnoll sergeant
Aim: a gnoll sergeant, wielding a +2 trident of venom and wearing a +0 ring mail (will become a steam dragon, a bullfrog, or a blink frog, chance to affect: 66%)
The gnoll sergeant struggles to resist.
You feel sick. The gnoll sergeant barely misses you.
You take 1 damage, and have 23/75 hp.
Aiming: Polymorph
Press: ? - help, Shift-Dir - straight line, f/p - gnoll sergeant
Aim: a gnoll sergeant, wielding a +2 trident of venom and wearing a +0 ring mail (will become a steam dragon, a bullfrog, or a blink frog, chance to affect: 66%)
The gnoll sergeant struggles to resist.
You feel sick. The gnoll sergeant barely misses you.
You take 1 damage, and have 22/75 hp.
Casting: Frozen Ramparts (safe; 1% risk of failure)
Confirm with . or Enter, or press ? or * to list all spells.
You feel a surge of power! A film of ice covers your body!
You feel sick.
You are no longer poisoned.
The gnoll sergeant hits you but does no damage.
You are poisoned.
You now have 14/21 mp.
Fire: 156 stones
Press: ? - help, Q - select action, (/) - cycle Shift-Dir - straight line, f/p - gnoll sergeant
Aim: a gnoll sergeant, wielding a +2 trident of venom and wearing a +0 ring mail (72% to hit)
You shoot a stone.
The stone hits the gnoll sergeant but does no damage.
You feel sick.
The gnoll sergeant completely misses you.
You take 2 damage, and have 20/75 hp.
Fire: 155 stones
Press: ? - help, Q - select action, (/) - cycle Shift-Dir - straight line, p - gnoll sergeant
Aiming: Polymorph
Press: ? - help, Shift-Dir - straight line, f/p - gnoll sergeant
Aim: a gnoll sergeant, wielding a +2 trident of venom and wearing a +0 ring mail (will become a steam dragon, a bullfrog, or a blink frog, chance to affect: 66%)
The gnoll sergeant evaporates and reforms as a steam dragon!
You feel sick.
You take 2 damage, and have 18/75 hp.
Really attack while wielding your +0 hunting sling? [Y]es or [N]o only, please.
Really attack while wielding your +0 hunting sling? [Y]es or [N]o only, please.
Really attack while wielding your +0 hunting sling?
Okay, then.
Your icy armour will break if you move.
Continue?
Your icy armour cracks and falls away as you move.
You feel sick. The steam dragon breathes steam at you.
The ball of steam hits you!
* * * LOW HITPOINT WARNING * * *
You take 17 damage, and have 1/75 hp.
MASSIVE DAMAGE!!
You die...

#.≈#≈.#..#..............#
#..≈..#..#..............
#..†..#..'............#
#'###.##............#
#.....#.............#
#).)..##............#
#...D..#............###
+....§§#.............>.
#.....@#.......##'####.
#......#.......#.....#.
#......#.......#.....+.
#......#.....>.#.....#.
##+#####.......#.....'.
.......#.....#. #.....#.
#######. ........


You could see a steam dragon (catching breath).

Vanquished Creatures
  A two-headed ogre (D:8)
  Joseph (D:8)
  Psyche (D:8)
  The ghost of oc3rt the Gusty, a novice TeAE (D:7)
  6 yaks
  A wyvern (D:8)
  A steam dragon (D:9)
  Menkaure (D:4)
  A water moccasin (D:7)
  4 orc warriors
  An ice beast (D:5)
  A sky beast (D:6)
  A hornet zombie (D:7)
  A necrophage (D:7)
  2 centaurs
  An ogre (D:6)
  A bullfrog (D:8)
  A gnoll sergeant (D:7)
  3 scorpions
  A water moccasin skeleton (D:4)
  4 wights (D:7)
  8 killer bees
  A howler monkey (D:8)
  A bullfrog zombie (D:5)
  A hound (D:5)
  3 centaur zombies
  2 bullfrog skeletons (D:5)
  2 jellies
  2 gnoll shamans
  4 orc priests
  A centaur skeleton (D:5)
  An iguana (D:4)
  Ijyb (D:4)
  3 orc wizards
  2 killer bee zombies
  A howler monkey zombie (D:9)
  Robin (D:4)
  25 gnolls
  6 adders
  A shadow imp (D:8)
  A white imp (D:6)
  An ufetubus (D:5)
  An adder skeleton (D:4)
  4 worms
  2 dart slugs
  29 orcs
  7 ball pythons
  5 endoplasms
  A giant cockroach (D:4)
  9 hobgoblins
  9 jackals
  3 bats
  3 frilled lizards
  12 goblins
  5 kobolds
  5 rats
198 creatures vanquished.

Vanquished Creatures (others)
  5 plants (D:7)
  2 withered plants (D:7)
7 creatures vanquished.

Grand Total: 205 creatures vanquished

Notes
Turn   | Place    | Note
-------+----------+-------------------------------------------
     0 | D:1      | Snikeer the Gnoll Ice Elementalist began the quest for the
                  | Orb.
     0 | D:1      | Reached XP level 1. HP: 13/13 MP: 6/6
   221 | D:1      | Reached XP level 2. HP: 19/19 MP: 3/7
   956 | D:2      | You fall into a shaft and drop 1 floor!
   956 | D:3      | Found Buta's Assorted Antiques.
   957 | D:3      | Noticed a scorpion
   979 | D:3      | Reached XP level 3. HP: 23/25 MP: 3/9
  1038 | D:3      | Learned a level 3 spell: Frozen Ramparts
  1042 | D:3      | Learned a level 3 spell: Ozocubu's Armour
  1055 | D:3      | Reached skill level 5 in Spellcasting
  1076 | D:3      | Killed a scorpion
  1077 | D:3      | Reached skill level 1 in Fighting
  1077 | D:3      | Reached skill level 1 in Short Blades
  1077 | D:3      | Reached skill level 1 in Long Blades
  1077 | D:3      | Reached skill level 1 in Axes
  1077 | D:3      | Reached skill level 1 in Maces & Flails
  1077 | D:3      | Reached skill level 1 in Polearms
  1077 | D:3      | Reached skill level 1 in Staves
  1077 | D:3      | Reached skill level 1 in Slings
  1077 | D:3      | Reached skill level 1 in Bows
  1077 | D:3      | Reached skill level 1 in Crossbows
  1077 | D:3      | Reached skill level 1 in Throwing
  1077 | D:3      | Reached skill level 1 in Armour
  1077 | D:3      | Reached skill level 1 in Shields
  1077 | D:3      | Reached skill level 1 in Unarmed Combat
  1077 | D:3      | Reached skill level 1 in Invocations
  1077 | D:3      | Reached skill level 1 in Evocations
  1077 | D:3      | Reached XP level 4. HP: 32/32 MP: 1/11
  1176 | D:3      | Found Etuiv's Assorted Antiques.
  1194 | D:3      | Reached skill level 1 in Conjurations
  1194 | D:3      | Reached skill level 1 in Hexes
  1194 | D:3      | Reached skill level 1 in Summonings
  1194 | D:3      | Reached skill level 1 in Necromancy
  1194 | D:3      | Reached skill level 1 in Translocations
  1194 | D:3      | Reached skill level 1 in Transmutations
  1194 | D:3      | Reached skill level 1 in Fire Magic
  1194 | D:3      | Reached skill level 1 in Air Magic
  1194 | D:3      | Reached skill level 1 in Earth Magic
  1194 | D:3      | Reached skill level 1 in Poison Magic
  1224 | D:3      | Found Tocen's Book Emporium.
  1255 | D:3      | Reached XP level 5. HP: 28/37 MP: 3/12
  1359 | D:3      | Found Yxuets's Jewellery Shoppe.
  1966 | D:2      | Found a faded altar of an unknown god.
  2472 | D:3      | Found a bloodstained altar of Trog.
  2494 | D:3      | Reached skill level 2 in Invocations
  2494 | D:3      | Reached XP level 6. HP: 39/44 MP: 6/13
  2791 | D:4      | Upgraded the game from 0.27-a0-1200-g94dc6ad4cf to
                  | 0.27-a0-1228-gfd60fd639a
  2865 | D:4      | Reached skill level 5 in Dodging
  2885 | D:4      | Reached skill level 2 in Fighting
  2885 | D:4      | Reached skill level 2 in Short Blades
  2885 | D:4      | Reached skill level 2 in Long Blades
  2885 | D:4      | Reached skill level 2 in Axes
  2885 | D:4      | Reached skill level 2 in Maces & Flails
  2885 | D:4      | Reached skill level 2 in Polearms
  2885 | D:4      | Reached skill level 2 in Staves
  2885 | D:4      | Reached skill level 2 in Slings
  2885 | D:4      | Reached skill level 2 in Bows
  2885 | D:4      | Reached skill level 2 in Crossbows
  2885 | D:4      | Reached skill level 2 in Throwing
  2885 | D:4      | Reached skill level 2 in Armour
  2885 | D:4      | Reached skill level 2 in Shields
  2885 | D:4      | Reached skill level 2 in Unarmed Combat
  2885 | D:4      | Reached skill level 2 in Evocations
  3394 | D:4      | Noticed Robin
  3414 | D:4      | Killed Robin
  3516 | D:4      | Noticed Menkaure
  3751 | D:4      | Noticed Ijyb
  3768 | D:4      | Killed Ijyb
  3769 | D:4      | Reached XP level 7. HP: 38/50 MP: 9/15
  4058 | D:4      | Killed Menkaure
  4059 | D:4      | Reached skill level 2 in Conjurations
  4059 | D:4      | Reached skill level 2 in Hexes
  4059 | D:4      | Reached skill level 2 in Summonings
  4059 | D:4      | Reached skill level 2 in Necromancy
  4059 | D:4      | Reached skill level 2 in Translocations
  4059 | D:4      | Reached skill level 2 in Transmutations
  4059 | D:4      | Reached skill level 2 in Fire Magic
  4059 | D:4      | Reached skill level 2 in Air Magic
  4059 | D:4      | Reached skill level 2 in Earth Magic
  4059 | D:4      | Reached skill level 2 in Poison Magic
  4205 | D:5      | Entered Level 5 of the Dungeon
  4311 | D:5      | Reached skill level 5 in Stealth
  4332 | D:5      | Reached skill level 3 in Invocations
  4775 | D:5      | Reached XP level 8. HP: 57/57 MP: 16/16
  4883 | D:5      | Reached skill level 3 in Fighting
  4883 | D:5      | Reached skill level 3 in Short Blades
  4883 | D:5      | Reached skill level 3 in Long Blades
  4883 | D:5      | Reached skill level 3 in Axes
  4883 | D:5      | Reached skill level 3 in Maces & Flails
  4883 | D:5      | Reached skill level 3 in Polearms
  4883 | D:5      | Reached skill level 3 in Staves
  4883 | D:5      | Reached skill level 3 in Slings
  4883 | D:5      | Reached skill level 3 in Bows
  4883 | D:5      | Reached skill level 3 in Crossbows
  4883 | D:5      | Reached skill level 3 in Throwing
  4883 | D:5      | Reached skill level 3 in Armour
  4883 | D:5      | Reached skill level 3 in Shields
  4883 | D:5      | Reached skill level 3 in Unarmed Combat
  4883 | D:5      | Reached skill level 3 in Evocations
  5846 | D:6      | Noticed a yak
  5944 | D:6      | Noticed a yak
  5944 | D:6      | Noticed a yak
  5944 | D:6      | Noticed a yak
  5945 | D:6      | Noticed a yak
  6009 | D:6      | Noticed a yak
  6034 | D:6      | Killed a yak
  6035 | D:6      | Reached skill level 6 in Spellcasting
  6228 | D:5      | Killed a yak
  6231 | D:5      | Killed a yak
  6232 | D:5      | Reached skill level 4 in Invocations
  6235 | D:5      | Reached skill level 3 in Conjurations
  6235 | D:5      | Reached skill level 3 in Hexes
  6235 | D:5      | Reached skill level 3 in Summonings
  6235 | D:5      | Reached skill level 3 in Necromancy
  6235 | D:5      | Reached skill level 3 in Translocations
  6235 | D:5      | Reached skill level 3 in Transmutations
  6235 | D:5      | Reached skill level 3 in Fire Magic
  6235 | D:5      | Reached skill level 3 in Air Magic
  6235 | D:5      | Reached skill level 3 in Earth Magic
  6235 | D:5      | Reached skill level 3 in Poison Magic
  6390 | D:5      | Killed a yak
  6391 | D:5      | Reached skill level 6 in Dodging
  6391 | D:5      | Reached XP level 9. HP: 65/65 MP: 11/18
  6439 | D:6      | Reached skill level 4 in Fighting
  6439 | D:6      | Reached skill level 4 in Short Blades
  6439 | D:6      | Reached skill level 4 in Long Blades
  6439 | D:6      | Reached skill level 4 in Axes
  6439 | D:6      | Reached skill level 4 in Maces & Flails
  6439 | D:6      | Reached skill level 4 in Polearms
  6439 | D:6      | Reached skill level 4 in Staves
  6439 | D:6      | Reached skill level 4 in Slings
  6439 | D:6      | Reached skill level 4 in Bows
  6439 | D:6      | Reached skill level 4 in Crossbows
  6439 | D:6      | Reached skill level 4 in Throwing
  6439 | D:6      | Reached skill level 4 in Armour
  6439 | D:6      | Reached skill level 4 in Shields
  6439 | D:6      | Reached skill level 4 in Unarmed Combat
  6439 | D:6      | Reached skill level 4 in Evocations
  6570 | D:6      | Reached skill level 6 in Stealth
  6570 | D:6      | Reached skill level 8 in Ice Magic
  7719 | D:7      | Reached skill level 5 in Invocations
  8192 | D:7      | Found a staircase to the Ecumenical Temple.
  8196 | D:7      | Found a runed translucent door.
  8198 | D:7      | Noticed oc3rt's ghost (novice TeAE)
  8200 | Temple   | Entered the Ecumenical Temple
  8473 | Temple   | Became a worshipper of Ashenzari the Shackled
  8473 | Temple   | Identified a scroll of acquirement
  8507 | D:7      | Reached skill level 7 in Spellcasting
  8579 | D:7      | Reached XP level 10. HP: 68/73 MP: 11/20
  8651 | D:7      | Reached skill level 4 in Conjurations
  8651 | D:7      | Reached skill level 4 in Hexes
  8651 | D:7      | Reached skill level 4 in Summonings
  8651 | D:7      | Reached skill level 4 in Necromancy
  8651 | D:7      | Reached skill level 4 in Translocations
  8651 | D:7      | Reached skill level 4 in Transmutations
  8651 | D:7      | Reached skill level 4 in Fire Magic
  8651 | D:7      | Reached skill level 4 in Air Magic
  8651 | D:7      | Reached skill level 4 in Earth Magic
  8651 | D:7      | Reached skill level 4 in Poison Magic
  8988 | D:7      | Killed oc3rt's ghost
  8989 | D:7      | Reached skill level 5 in Fighting
  8989 | D:7      | Reached skill level 5 in Short Blades
  8989 | D:7      | Reached skill level 5 in Long Blades
  8989 | D:7      | Reached skill level 5 in Axes
  8989 | D:7      | Reached skill level 5 in Maces & Flails
  8989 | D:7      | Reached skill level 5 in Polearms
  8989 | D:7      | Reached skill level 5 in Staves
  8989 | D:7      | Reached skill level 5 in Slings
  8989 | D:7      | Reached skill level 5 in Bows
  8989 | D:7      | Reached skill level 5 in Crossbows
  8989 | D:7      | Reached skill level 5 in Throwing
  8989 | D:7      | Reached skill level 5 in Armour
  8989 | D:7      | Reached skill level 5 in Shields
  8989 | D:7      | Reached skill level 5 in Unarmed Combat
  8989 | D:7      | Reached skill level 5 in Evocations
  9086 | D:8      | Noticed a two-headed ogre
  9415 | D:8      | HP: 13/74 [two-headed ogre/+0 giant spiked club (18)]
  9417 | D:8      | Killed a two-headed ogre
  9418 | D:8      | Reached skill level 7 in Dodging
  9913 | D:8      | Noticed Psyche
 10175 | D:8      | Noticed Joseph
 10192 | D:8      | Killed Joseph
 10773 | D:8      | Killed Psyche
 10774 | D:8      | Reached skill level 7 in Stealth
 10774 | D:8      | Reached skill level 6 in Invocations
 11270 | D:9      | Reached * piety under Ashenzari
 11274 | D:9      | Learned a level 2 spell: Passwall
 11349 | D:9      | HP: 18/75 [poisoned by a gnoll sergeant]
 11350 | D:9      | HP: 1/75 [steam dragon/ball of steam (16)]
 11351 | D:9      | Succumbed to a gnoll sergeant's poison

Illustrated notes

Levels and vault maps discovered:
D:1:      dpeg_arrival_oval, layout_basic
D:2:      layout_rooms, shapermc_ecumenical_altar_flowoftime,
          kennysheep_generic_room_12
D:3:      layout_basic, trog_book, serial_shops, shop,
          nicolae_shop_behind_doors, shop, shop, dk_noncrumbling_4
D:4:      minmay_wonky_spiral, layout_rooms, uniq_ijyb, uniq_robin,
          uniq_menkaure
D:5:      layout_gridville, serial_co_window_serial, co_window_corner_a,
          co_window_paths_a, co_window_paths_b, co_window_paths_b,
          co_window_paths_b, co_window_of_opportunity_b, co_window_2corner,
          co_window_corner_ca, co_window_corner_cb, co_window_broadway_c,
          co_window_paths_c, co_window_4corner_b, co_window_paths_d
D:6:      layout_rooms
D:7:      layout_loops_ring, minmay_temple_entry_overgrown,
          gammafunk_ghost_grave, minmay_misc_feat_encased
D:8:      layout_basic, uniq_psyche, uniq_joseph
D:9:      layout_irregular_city, orc_0_dummy, kennysheep_generic_room_13
Temple:   nicolae_temple_the_god_donut

Skill      XL: |  1  2  3  4  5  6  7  8  9 10 |
---------------+-------------------------------+-----
Spellcasting   | 5 6 7 |  7.6
Fighting       | 1 2 3 4 5 |  5.6
Short Blades   | 1 2 3 4 5 |  5.6
Long Blades    | 1 2 3 4 5 |  5.6
Axes           | 1 2 3 4 5 |  5.6
Maces & Flails | 1 2 3 4 5 |  5.6
Polearms       | 1 2 3 4 5 |  5.6
Staves         | 1 2 3 4 5 |  5.6
Slings         | 1 2 3 4 5 |  5.6
Bows           | 1 2 3 4 5 |  5.6
Crossbows      | 1 2 3 4 5 |  5.6
Throwing       | 1 2 3 4 5 |  5.6
Armour         | 1 2 3 4 5 |  5.6
Shields        | 1 2 3 4 5 |  5.6
Unarmed Combat | 1 2 3 4 5 |  5.6
Invocations    | 1 2 3 4 5 6 |  6.1
Evocations     | 1 2 3 4 5 |  5.6
Conjurations   | 1 2 3 4 |  4.6
Hexes          | 1 2 3 4 |  4.6
Summonings     | 1 2 3 4 |  4.6
Necromancy     | 1 2 3 4 |  4.6
Translocations | 1 2 3 4 |  4.6
Transmutations | 1 2 3 4 |  4.6
Fire Magic     | 1 2 3 4 |  4.6
Air Magic      | 1 2 3 4 |  4.6
Earth Magic    | 1 2 3 4 |  4.6
Poison Magic   | 1 2 3 4 |  4.6
Dodging        | 5 6 7 |  7.3
Stealth        | 5 6 7 |  7.1
Ice Magic      | 8 |  8.6

Action                   |  1- 3 |  4- 6 |  7- 9 | 10-12 || total
-------------------------+-------+-------+-------+-------++-------
Melee: Unarmed           |     3 |     1 |       |       ||     4
       Bite              |     1 |     5 |     6 |     4 ||    16
       Dagger            |       |    36 |    35 |       ||    71
       War axe           |       |     2 |    83 |    60 ||   145
       Punch             |       |       |     1 |     1 ||     2
 Fire: Hunting sling     |     2 |   177 |   187 |    29 ||   395
 Cast: Freeze            |    31 |     6 |       |       ||    37
       Frozen Ramparts   |     1 |    18 |    30 |    13 ||    62
       Ozocubu's Armour  |     1 |     9 |    22 |    14 ||    46
Invok: Curse Item        |       |       |       |     2 ||     2
Evoke: Wand              |       |       |     3 |     5 ||     8
  Use: Potion            |       |       |       |     1 ||     1
 Stab: Sleeping          |       |       |     4 |       ||     4
Armor: Robe              |     1 |    29 |       |       ||    30
       Leather armour    |       |       |    67 |    39 ||   106
       Skin              |       |       |       |     3 ||     3
Dodge: Dodged            |    14 |    50 |   141 |    76 ||   281

Table legend: (Time is in decaauts)
 A = Elapsed time spent in this place.
 B = Non-inter-level travel time spent in this place.
 C = Inter-level travel time spent in this place.
 D = Time resting spent in this place.
 E = Time spent auto-exploring this place.
 F = Levels seen in this place.
 G = Mean time per level.
                   A        B        C        D        E       F      G
               +--------+--------+--------+--------+--------+-----+--------+
         Total |  11378 |  10687 |    691 |     63 |   9002 |  10 | 1137.8 |
       Dungeon |  11100 |  10428 |    672 |     63 |   8746 |   9 | 1233.3 |
        Temple |    277 |    258 |     19 |      0 |    256 |   1 |  277.0 |
               +--------+--------+--------+--------+--------+-----+--------+

Top non-repeatable levels by time:
     D:5: 1940 daAuts
     D:8: 1780 daAuts
     D:7: 1556 daAuts
     D:4: 1461 daAuts
     D:6: 1094 daAuts
     D:3: 1051 daAuts
     D:2: 900 daAuts
     D:1: 843 daAuts
     D:9: 470 daAuts
  Temple: 277 daAuts

Table legend:
 A = Kills in this place as a percentage of kills in entire the game.
 B = Kills by you in this place as a percentage of kills by you in the entire game.
 C = Kills by friends in this place as a percentage of kills by friends in the entire game.
 D = Other kills in this place as a percentage of other kills in the entire game.
 E = Experience gained in this place as a percentage of experience gained in the entire game.
 F = Experience gained in this place divided by the number of levels of this place that you have seen.
                   A       B       C       D       E      F
               +-------+-------+-------+-------+-------+----------------------
         Total | 100.0 | 100.0 |   N/A |   N/A | 100.0 | 828.0
       Dungeon | 100.0 | 100.0 |   N/A |   N/A | 100.0 | 920.0
               +-------+-------+-------+-------+-------+----------------------
